 Dungeon Crawl Stone Soup version 0.30-a0-930-gb9d0489357 (webtiles) character file.

Game seed: 8246304993145214614

30 GloriousHammer the Sneak (level 3, -1/18 HPs)
             Began as a Vine Stalker Brigand on Mar 24, 2023.
             Succumbed to Jessica's poison
             ... on level 2 of the Dungeon.
             The game lasted 00:02:10 (737 turns).

GloriousHammer the Sneak (Vine Stalker Brigand)      Turns: 737, Time: 00:02:11

Health: -1/18      AC:  6    Str: 13    XL:     3   Next: 20%
Magic:  4/4        EV: 11    Int: 11    God:
Gold:   65         SH:  0    Dex: 17    Spells: 2/2 levels left

rFire   . . .      SeeInvis .    (no weapon)
rCold   . . .      Faith    .    (no shield)
rNeg    . . .      Spirit   +    b - +0 robe
rPois   .          Reflect  .    m - +2 helmet
rElec   .          Rampage  .    c - +0 cloak
rCorr   .                        (no gloves)
Will    .....                    (no boots)
Stlth   +++                      (no amulet)
HPRegen 0.23/turn                (no ring)
MPRegen 0.09/turn                (no ring)

@: lethally poisoned (-1 -> -15)
A: fangs 2, magic shield, antimagic bite, no potion heal 2
a: no special abilities


You were on level 2 of the Dungeon.
You visited 1 branch of the dungeon, and saw 2 of its levels.

You collected 65 gold pieces.

Inventory:

Hand Weapons
 a - a +2 dagger
Missiles
 d - 9 poisoned darts (quivered)
 e - 3 curare-tipped darts
 n - 6 stones
Armour
 b - a +0 robe (worn)
 c - a +0 cloak (worn)
 m - a +2 helmet (worn)
Jewellery
 L - a ring of flight
Scrolls
 h - a scroll of fear {unknown}
 j - a scroll of poison {unknown}
 k - a scroll of acquirement {unknown}
 l - a scroll of amnesia {unknown}
Potions
 f - a potion of magic
 g - a potion of resistance {unknown}
 i - 2 potions of heal wounds {unknown}


   Skills:
 - Level 1.7 Fighting
 + Level 2.3 Short Blades
 + Level 2.3 Throwing
 - Level 0.7 Dodging
 + Level 5.3 Stealth


You had 2 spell levels left.
You didn't know any spells.
Your spell library contained the following spells:

 Spells                   Type           Power      Damage    Failure   Level
 Animate Dead             Necr           0%         N/A       98%         4
 Haunt                    Necr/Summ      0%         N/A       100%        7
 Infestation              Necr           0%         N/A       100%        8


Dungeon Overview and Level Annotations

Branches:
Dungeon (2/15)

Altars:

Annotations:
D:2 Jessica


Innate Abilities, Weirdness & Mutations

You have extremely sharp teeth.
When hurt, damage is shared between your health and your magic reserves.
Your bite disrupts and absorbs the magic of your enemies.
Potions cannot restore your health.


Message History

You see here 6 stones.
Found a hand axe.
You see here a +0 hand axe.
An endoplasm comes into view.
The helpless endoplasm fails to defend itself.
You impale the endoplasm!!
You kill the endoplasm!
Done exploring.
Done exploring.
Done exploring.
Search for what [? for help]? .
You see here a +0 hand axe.
You see here 6 stones.
n - 6 stones
There are no items here.
(D) Dungeon
Where to? (Enter - D:1 @ (x,y), ? - help)
There is a stone staircase leading down here.
You climb downwards.
Found 6 stones.
There is a stone staircase leading up here.
A ball python is nearby!
A frilled lizard comes into view.
The ball python hisses angrily.
The ball python barely misses you. x2
You hit the ball python.
The ball python is severely wounded.
The ball python barely misses you. x2
You barely miss the ball python. Your bite misses the ball python.
The ball python is severely wounded.
The ball python bites you. The ball python grabs you.
The ball python constricts you.
You closely miss the ball python. You bite the ball python.
You kill the ball python!
Jessica the Apprentice Sorceress comes into view.
She is wielding a +2 dagger of venom.
The frilled lizard hisses angrily.
You hit the frilled lizard but do no damage.
Your bite misses the frilled lizard.
The frilled lizard bites you but does no damage.
You hit the frilled lizard.
You kill the frilled lizard!
You see here a frilled lizard corpse.
A kobold comes into view. It is wielding a +0 dagger.
The kobold shouts!
A goblin comes into view. It is wielding a +0 club.
The goblin shouts!
You hit the kobold. You bite the kobold.
You kill the kobold!
Things that are here:
a +0 dagger; a kobold corpse You hit the goblin.
Your bite misses the goblin.
The goblin is heavily wounded.
The goblin hits you with a +0 club.
You closely miss the goblin.
The goblin is heavily wounded.
Jessica shouts!
The goblin closely misses you.
Jessica gestures wildly while chanting.
Jessica blinks!
You miss the goblin. You bite the goblin. You drain its power.
You feel invigorated.
The goblin is severely wounded.
The goblin hits you with a +0 club.
You barely miss the goblin. Your bite misses the goblin.
The goblin is severely wounded.
You closely miss the goblin. You bite the goblin.
You kill the goblin!
You see here a +0 club.
Jessica hits you with a +2 dagger of venom.
You are poisoned.
You hit Jessica. You bite Jessica.
Jessica's magic leaks into the air.
You drain her magic.
You feel invigorated.
Jessica is heavily wounded.
You feel sick. Jessica hits you but does no damage.
You are more poisoned.
You closely miss Jessica. You bite Jessica.
Jessica's magic leaks into the air.
You drain her magic.
Jessica is almost dead.
You feel sick. Jessica completely misses you.
You barely miss Jessica.
Jessica is almost dead.
You feel sick. Jessica hits you but does no damage.
You are lethally poisoned!
You hit Jessica but do no damage.
Jessica is almost dead.
You feel very sick. Jessica misses you.
You barely miss Jessica. You bite Jessica, but do no damage.
Jessica is almost dead.
* * * LOW HITPOINT WARNING * * *
You feel sick.
Jessica hits you with a +2 dagger of venom.
* * * LOW HITPOINT WARNING * * *
You are more poisoned.
You are now empty-handed.
* * * LOW HITPOINT WARNING * * *
You feel sick.
Unknown command.
It was a potion of magic.
Magic courses through your body.
You die...

#### #######
..... .....
..... #.#.#
.@.@..
#.#.##......
#.@.........
#@#.........
##.#.........
#............ #
#.)#..######.
#.####.)#..#
#..†....#..#
######..#..###
#........
#######.##..###


You could see Jessica (magic disrupted).

Vanquished Creatures
  A dart slug (D:1)
  3 ball pythons
  2 endoplasms (D:1)
  A giant cockroach (D:1)
  4 goblins
  2 hobgoblins (D:1)
  3 jackals (D:1)
  2 kobolds
  2 quokkas (D:1)
  A bat (D:1)
  4 frilled lizards
25 creatures vanquished.

Notes
Turn   | Place    | Note
-------+----------+-------------------------------------------
     0 | D:1      | GloriousHammer the Vine Stalker Brigand began the quest for
                  | the Orb.
     0 | D:1      | Reached XP level 1. HP: 11/11 MP: 2/2
   111 | D:1      | Reached skill level 5 in Stealth
   117 | D:1      | Reached XP level 2. HP: 12/15 MP: 3/3
   404 | D:1      | Reached XP level 3. HP: 16/18 MP: 4/4
   699 | D:2      | Noticed Jessica
   737 | D:2      | Succumbed to Jessica's poison

Illustrated notes

Levels and vault maps discovered:
D:1:      saegor_arrival_simple_b, layout_loops_ring
D:2:      layout_loops_ring, uniq_jessica

Skill      XL: |  1 |
---------------+----+-----
Short Blades   | 2 |  2.3
Stealth        | 5 |  5.3
Throwing       | 2 |  2.3
Fighting       | |  1.7
Dodging        | |  0.7

Action                     || total
---------------------------++-------
  Melee: Dagger            ||    64
         Bite              ||    16
    Use: Potion            ||     1
   Stab: Sleeping          ||     5
 Armour: Robe              ||    18
  Dodge: Dodged            ||    27

Table legend: (Time is in decaauts)
 A = Elapsed time spent in this place.
 B = Non-inter-level travel time spent in this place.
 C = Inter-level travel time spent in this place.
 D = Time resting spent in this place.
 E = Time spent auto-exploring this place.
 F = Levels seen in this place.
 G = Mean time per level.
                   A        B        C        D        E       F      G
               +--------+--------+--------+--------+--------+-----+--------+
         Total |    729 |    700 |     29 |      0 |    471 |   2 |  364.5 |
       Dungeon |    729 |    700 |     29 |      0 |    471 |   2 |  364.5 |
               +--------+--------+--------+--------+--------+-----+--------+

Top non-repeatable levels by time:
     D:1: 686 daAuts
     D:2: 42 daAuts
